 Dungeon Crawl Stone Soup version 0.18.1-50-g88ac8fd (webtiles) character file.

28 Gargoyl the Skirmisher (level 2, 0/24 HPs)
             Began as a Demonspawn Abyssal Knight on Sept 16, 2016.
             Was a Follower of Lugonu.
             Slain by a hobgoblin (1 damage)
             ... on level 1 of the Dungeon.
             The game lasted 00:02:18 (756 turns).

Gargoyl the Skirmisher (Demonspawn Abyssal Knight)   Turns: 756, Time: 00:02:19

Health: 0/24       AC:  8    Str: 12    XL:     2   Next: 96%
Magic:  3/3        EV:  5    Int: 18    God:    Lugonu [*.....]
Gold:   71         SH:  0    Dex: 10    Spells: 0 memorised, 1 level left

rFire  . . .     SeeInvis .     a - +1 hand axe
rCold  . . .     Gourm    .     e - +0 chain mail
rNeg   . . .     Faith    .     (no shield)
rPois  .         Spirit   .     (no helmet)
rElec  .         Dismiss  .     (no cloak)
rCorr  .         Reflect  .     (no gloves)
SustAt .         Harm     .     (no boots)
MR     +....                    i - amulet of rage
Stlth  ..........               (no ring)
                                (no ring)

@: brilliant, somewhat resistant to hostile enchantments, extremely unstealthy
A: talons 1, clumsy 1, deterioration 1, magic resistance 1
a: Depart the Abyss, Renounce Religion, Evoke Berserk Rage


You were on level 1 of the Dungeon.
You worshipped Lugonu.
Lugonu was aware of your devotion.
You were not hungry.

You visited 1 branch of the dungeon, and saw 1 of its levels.
You visited the Abyss 1 time.

You collected 71 gold pieces.

Inventory:

Hand Weapons
 a - a +1 hand axe (weapon)
Armour
 e - a +0 chain mail (worn)
Jewellery
 i - an amulet of rage (around neck)
Scrolls
 b - a scroll of fog {unknown}
 g - a scroll of immolation {unknown}
 h - a scroll of magic mapping {unknown}
 j - a scroll of teleportation {unknown}
 k - a scroll of identify {unknown}
Comestibles
 c - a bread ration
 m - 3 fruits


   Skills:
 + Level 3.3 Fighting
 + Level 2.1 Axes
 * Level 2.4 Armour
 + Level 0.8 Dodging
 + Level 2.5 Invocations


You had one spell level left.
You didn't know any spells.

Dungeon Overview and Level Annotations

Branches:
Dungeon (1/15)

Altars:


Innate Abilities, Weirdness & Mutations

You have sharp toenails.
You are clumsy. (Dex -2)
Your body sometimes deteriorates upon taking damage.
You are resistant to hostile enchantments.


Message History

Lugonu accepts your kill.
You closely miss the hobgoblin. The hobgoblin closely misses you.
Unknown command.
You barely miss the hobgoblin.
The hobgoblin hits you but does no damage.
Drink which item? (? for menu, Esc to quit)
It was a potion of mutation.
You feel extremely strange.
You feel resistant to hostile enchantments.
You feel clumsy.
You feel yourself wasting away. The hobgoblin hits you.
* * * LOW HITPOINT WARNING * * *
Drink which item? (? for menu, Esc to quit)
It was a potion of magic.
Magic courses through your body. The hobgoblin hits you.
* * * LOW HITPOINT WARNING * * *
Drink which item? (? for menu, Esc to quit)
It was a potion of brilliance.
You feel clever all of a sudden. The hobgoblin hits you.
You die...

#######.†.(.......#
......#...#.#####.
......##.##.#
......#.....#
......#.#####
......#.# ###########
.######.####.#.......#
.#.............%)....#
.#....#.####.#..@g...#
.##...#.# #.........#
.#... #......#.......#
.#.## ######.#.......#
.## #.#....)..# .#
#.######### .# #.# .#
##


You could see a hobgoblin.

Vanquished Creatures
  A gnoll (D:1)
  A giant gecko (D:1)
  A giant cockroach (D:1)
  A goblin (D:1)
  2 hobgoblins (D:1)
  2 jackals (D:1)
  A ball python (D:1)
  2 bats (D:1)
  2 giant newts (D:1)
  A kobold (D:1)
  4 rats (D:1)
18 creatures vanquished.

Notes
Turn   | Place    | Note
--------------------------------------------------------------
     0 | Abyss:1  | Gargoyl the Demonspawn Abyssal Knight began the quest for the Orb.
     0 | Abyss:1  | Reached XP level 1. HP: 18/18 MP: 2/2
    43 | Abyss:1  | Noticed a small abomination
    47 | Abyss:1  | Noticed an efreet
    52 | Abyss:1  | Noticed a fire dragon zombie
    57 | Abyss:1  | Found a corrupted altar of Lugonu.
   140 | Abyss:1  | Noticed a neqoxec
   140 | Abyss:1  | Noticed a quasit
   142 | D:1      | Escaped the Abyss
   226 | D:1      | Reached * piety under Lugonu
   416 | D:1      | Gained mutation: You have sharp toenails. [demonic ancestry]
   416 | D:1      | Reached XP level 2. HP: 20/24 MP: 3/3
   754 | D:1      | Gained mutation: You are resistant to hostile enchantments. [potion of mutation]
   754 | D:1      | Gained mutation: You are clumsy. (Dex -2) [potion of mutation]
   754 | D:1      | Gained mutation: Your body sometimes deteriorates upon taking damage. [potion of mutation]
   754 | D:1      | HP: 1/24 [hobgoblin (1)]
   756 | D:1      | Slain by a hobgoblin

Skill      XL: |  1  2 |
---------------+-------+-----
Armour         | 2 |  2.4
Axes           | 2 |  2.1
Fighting       | |  3.3
Dodging        | |  0.8
Invocations    | |  2.5

Action                   || total
-------------------------++-------
Melee: Hand axe          ||    59
       Kick              ||     4
Invok: Depart the Abyss  ||     1
  Use: Potion            ||     3
Armor: Chain mail        ||    54
Dodge: Dodged            ||    19
